 Dungeon Crawl Stone Soup version 0.31-a0-435-g2c6fae2916 (webtiles) character file.

Game seed: 8273016816969285225

41 arthad the Protected (level 3, -1/25 HPs)
             Began as a Gnoll Wanderer on Aug 1, 2023.
             Slain by an orc wizard
             ... wielding a +0 dagger
              (2 damage)
             ... on level 2 of the Dungeon.
             The game lasted 00:04:23 (926 turns).

arthad the Protected (Gnoll Wanderer)                Turns: 926, Time: 00:04:24

Health: -1/25      AC:  4    Str: 10    XL:     3   Next: 52%
Magic:  4/4        EV: 11    Int:  9    God:
Gold:   41         SH:  0    Dex: 16    Spells: 3/3 levels left

rFire   + . .        a - +2 quarterstaff
rCold   + . .        (shield currently unavailable)
rNeg    . . .        e - +0 robe
rPois   +            c - +0 helmet
rElec   +            (no cloak)
rCorr   +            (no gloves)
SInv    .            (no boots)
Will    .....        (no amulet)
Stlth   ++           (no ring)
HPRegen 0.24/turn    (no ring)
MPRegen 0.09/turn

%: no passive effects
@: resistant, invisible
A: fangs 1, strong nose, distributed training
a: no special abilities


You were on level 2 of the Dungeon.
You visited 1 branch of the dungeon, and saw 2 of its levels.

You collected 41 gold pieces.

Inventory:

Hand Weapons
 a - a +2 quarterstaff (weapon)
Armour
 c - a +0 helmet (worn)
 e - a +0 robe (worn)
Wands
 k - a wand of light (8)
Scrolls
 d - a scroll of fear
 g - a scroll of noise {unknown}
 i - a scroll of enchant armour {unknown}
 j - a scroll of revelation {unknown}
Potions
 b - a potion of lignification


   Skills:
 + Level 0.8 Fighting
 + Level 0.8 Short Blades
 + Level 0.8 Long Blades
 + Level 0.8 Axes
 + Level 0.8 Maces & Flails
 + Level 0.8 Polearms
 + Level 8.5 Staves
 + Level 0.8 Ranged Weapons
 + Level 2.6 Throwing
 + Level 8.5 Armour
 + Level 0.8 Dodging
 + Level 2.4 Stealth
 + Level 0.8 Shields
 + Level 0.8 Unarmed Combat
 + Level 0.8 Spellcasting
 + Level 0.5 Conjurations
 + Level 0.5 Hexes
 + Level 0.5 Summonings
 + Level 0.5 Necromancy
 + Level 0.5 Translocations
 + Level 0.5 Transmutations
 + Level 0.5 Fire Magic
 + Level 0.5 Ice Magic
 + Level 0.5 Air Magic
 + Level 0.5 Earth Magic
 + Level 0.5 Poison Magic
 + Level 1.0 Invocations
 + Level 0.8 Evocations
 + Level 0.5 Shapeshifting


You had 3 spell levels left.
You didn't know any spells.
Your spell library was empty.

Dungeon Overview and Level Annotations

Branches:
Dungeon (2/15)

Altars:


Innate Abilities, Weirdness & Mutations

You have very sharp teeth.
Your uncanny sense of smell can sniff out nearby items.
Your experience applies equally to all skills.


Message History

The jackal bites you.
The jackal bites you but does no damage.
You are too injured to fight recklessly!
You are too injured to fight recklessly!
You are too injured to fight recklessly!
You are too injured to fight recklessly!
You are too injured to fight recklessly!
You are too injured to fight recklessly!
You are too injured to fight recklessly!
You are too injured to fight recklessly!
You are too injured to fight recklessly!
You are too injured to fight recklessly!
You are too injured to fight recklessly!
The jackal attacks as you move away! The jackal bites you.
The orc wizard attacks as you move away!
The orc wizard hits you but does no damage.
The jackal barely misses you.
You sock the jackal!
You kill the jackal!
You barely miss the jackal. The jackal bites you.
You hit the orc wizard.
The orc wizard is lightly wounded.
You hit the orc wizard.
You bite the orc wizard, but do no damage.
The orc wizard is moderately wounded.
The orc wizard hits you with a +0 dagger.
* * * LOW HITPOINT WARNING * * *
You hit the orc wizard but do no damage.
The orc wizard is moderately wounded.
The orc wizard casts a spell at you. The magic dart hits you.
* * * LOW HITPOINT WARNING * * *
It was a potion of resistance.
You feel protected.
The orc wizard hits you with a +0 dagger.
* * * LOW HITPOINT WARNING * * *
It was a potion of invisibility.
You fade into invisibility!
The orc wizard hits you with a +0 dagger.
You die...

####### #.....######### #####
####.............# #...#
#†.'†............# #...#
#.##.............# ##### #...#
#...........######
##...#####...#####l......#.#.....
................@oh......#.#.####
##...#####.[.#####......##.#...<#
##...# ##### #......##.######
##...# ............[##......#
###### .........###########.# #
...?o....# #.# # ..◎l.....# #.# #
.........# #.# # oh.......#
#########.#


You could see an orc wizard (unable to see you), a jackal (unable to see you)
and a frilled lizard (unable to see you).

Vanquished Creatures
  3 orcs (D:2)
  6 ball pythons
  4 bats
  An endoplasm (D:2)
  3 giant cockroaches
  3 goblins (D:1)
  4 hobgoblins
  4 jackals
  A frilled lizard (D:1)
  3 rats (D:2)
32 creatures vanquished.

Notes
Turn   | Place    | Note
-------+----------+-------------------------------------------
     0 | D:1      | arthad the Gnoll Wanderer began the quest for the Orb.
     0 | D:1      | arthad set off with the following items: a +2 quarterstaff,
                  | a potion of lignification, a +0 helmet, a scroll of fear, a
                  | +0 robe.
     0 | D:1      | Reached XP level 1. HP: 13/13 MP: 1/1
   135 | D:1      | Reached XP level 2. HP: 19/19 MP: 2/2
   614 | D:1      | Reached XP level 3. HP: 25/25 MP: 3/3
   907 | D:2      | Reached skill level 1 in Invocations
   924 | D:2      | HP: 1/25 [orc wizard/magic dart (3)]
   926 | D:2      | Slain by an orc wizard

Illustrated notes

Levels and vault maps discovered:
D:1:      sevenhm_arrival_forest_fort_small_6, layout_basic, minivault_14
D:2:      layout_basic, basic_altar

Skill      XL: |  1  2  3 |
---------------+----------+-----
Invocations    | 1 |  1.0
Fighting       | |  0.8
Short Blades   | |  0.8
Long Blades    | |  0.8
Axes           | |  0.8
Maces & Flails | |  0.8
Polearms       | |  0.8
Staves         | |  8.5
Ranged Weapons | |  0.8
Throwing       | |  2.6
Armour         | |  8.5
Dodging        | |  0.8
Stealth        | |  2.4
Shields        | |  0.8
Unarmed Combat | |  0.8
Spellcasting   | |  0.8
Conjurations   | |  0.5
Hexes          | |  0.5
Summonings     | |  0.5
Necromancy     | |  0.5
Translocations | |  0.5
Transmutations | |  0.5
Fire Magic     | |  0.5
Ice Magic      | |  0.5
Air Magic      | |  0.5
Earth Magic    | |  0.5
Poison Magic   | |  0.5
Evocations     | |  0.8
Shapeshifting  | |  0.5

Action                     || total
---------------------------++-------
  Melee: Quarterstaff      ||    75
         Bite              ||     2
    Use: Potion            ||     2
   Stab: Sleeping          ||     6
         Distracted        ||     1
 Armour: Robe              ||    24
  Dodge: Dodged            ||    48

Table legend: (Time is in decaauts)
 A = Elapsed time spent in this place.
 B = Non-inter-level travel time spent in this place.
 C = Inter-level travel time spent in this place.
 D = Time resting spent in this place.
 E = Time spent auto-exploring this place.
 F = Levels seen in this place.
 G = Mean time per level.
                   A        B        C        D        E       F      G
               +--------+--------+--------+--------+--------+-----+--------+
         Total |    917 |    887 |     30 |      0 |    696 |   2 |  458.5 |
       Dungeon |    917 |    887 |     30 |      0 |    696 |   2 |  458.5 |
               +--------+--------+--------+--------+--------+-----+--------+

Top non-repeatable levels by time:
     D:1: 685 daAuts
     D:2: 231 daAuts
